[Event "ROM-GER Kings"]
[Site "Medias"]
[Date "2015.10.30"]
[Round "1.5"]
[White "Wagner, Dennis"]
[Black "Deac, Bogdan Daniel"]
[Result "1/2-1/2"]
[ECO "D45"]
[WhiteElo "2575"]
[BlackElo "2455"]
[Annotator "Bulmaga/Rogozenco,D"]
[PlyCount "87"]
[EventDate "2015.10.30"]
[EventType "schev"]
[EventRounds "5"]
[EventCountry "ROU"]
[SourceTitle "CBM 169"]
[Source "ChessBase"]
[SourceDate "2015.11.10"]
[SourceVersion "1"]
[SourceVersionDate "2015.11.10"]
[SourceQuality "1"]
[WhiteTeam "Germany"]
[BlackTeam "Romania"]
[WhiteTeamCountry "GER"]
[BlackTeamCountry "ROU"]
[TimeControl "40/5400+30:1800+30"]

1. d4 Nf6 2. c4 e6 3. Nf3 d5 4. Nc3 c6 5. e3 Nbd7 6. Qc2 Bd6 7. Bd3 O-O 8. b3
b6 9. O-O Bb7 10. Bb2 Re8 {Ein selten gespielter Zug.} 11. e4 dxc4 12. Bxc4 (
12. bxc4 e5 13. d5 Rc8 $13) 12... b5 13. Bd3 e5 {[#]} 14. dxe5 {Weiß konnte
auch versuchen, die Spannung im Zentrum aufrecht zu erhalten, um zunächst
allmählich die Stellung seiner Figuren zu verbessern.} (14. Ne2 {Nach der
Partie meinte IM Bogdan Deac, dies wäre eine bessere Fortsetzung für Weiß
gewesen.} Qc7 (14... exd4 15. Nexd4 Nc5 {Dies war die Variante, die Wagner
während der Partie nicht gefallen hatte und der Hauptgrund, warum er seine
ursprüngliche Idee 14. Ne2 fallen ließ. Aber tatsächlich steht Weiß hier
besser:} 16. Rad1 $14) 15. Ng3 Rad8 16. Rfd1 $13) 14... Nxe5 15. Nxe5 Bxe5 16.
f3 a6 17. Rad1 Qc7 18. g3 c5 19. Ne2 Nd7 {Schwarz hat das Problem mit dem
weißfeldrigen Läufer gelöst und alles scheint für ihn in Ordnung zu sein.}
20. Bc1 g6 21. Nf4 Bd4+ 22. Kg2 Rac8 23. Ne2 Bg7 24. Nf4 Ne5 25. Be2 c4 26. Nd5
Bxd5 27. Rxd5 {[#]} cxb3 $6 {Der Bauer c4 ist unbequem für Weiß und Schwarz
sollte ihn nicht so schnell abtauschen.} (27... Nc6 $5 28. Bf4 Qb6 29. bxc4 Nb4
30. Qb1 bxc4 $15) 28. Qxb3 {[#]} Qc2 $2 (28... Nc4 $11 {Schwarz sollte
versuchen, Weiß daran zu hindern, die Stellung des Läufers auf c1 zu
verbessern.}) 29. Bd2 $1 Qxb3 30. axb3 {Weiß hat das Läuferpaar und steht
sehr angenehm.} Nc6 31. Rc1 Nd4 32. Rxc8 Rxc8 33. Bd1 Ne6 34. f4 Bc3 35. Be3
Bb4 36. e5 ({Richtig war} 36. g4 $1 {und Schwarz muss um das Remis kämpfen.})
36... h5 37. Kf3 Ba3 38. Ke2 (38. Ke4 {"War vielleicht ein besserer Versuch",
meinte IM Bogdan Deac nach der Partie. Aber nach} Nc5+ {sollte Schwarz den
Ausgleich wahren können.}) 38... Bc1 39. Rd6 Bxe3 40. Kxe3 Rc1 41. h4 ({
Vielleicht bot} 41. b4 {was die Bauernstruktur festlegt, immer noch Chancen,
auf Gewinn zu spielen.}) 41... a5 42. Kd2 Rc5 43. Bf3 Kf8 44. Be4 1/2-1/2

[Event "Paris FIDE GP"]
[Site "Elancourt"]
[Date "2013.09.23"]
[Round "2"]
[White "Bacrot, Etienne"]
[Black "Ivanchuk, Vassily"]
[Result "1/2-1/2"]
[ECO "D45"]
[WhiteElo "2723"]
[BlackElo "2731"]
[Annotator "ChessBase Website"]
[PlyCount "35"]
[EventDate "2013.09.22"]
[EventType "tourn"]
[EventRounds "11"]
[EventCountry "FRA"]
[EventCategory "20"]
[SourceTitle "CBM 157"]
[Source "ChessBase"]
[SourceDate "2013.11.12"]
[SourceVersion "1"]
[SourceVersionDate "2013.11.12"]
[SourceQuality "1"]
[TimeControl "40/7200:20/3600:900+30"]
[WhiteClock "2:00:00"]
[BlackClock "2:00:00"]

1. d4 d5 2. c4 e6 3. Nf3 c6 4. e3 Bd6 5. Be2 {[%emt 0:00:40] Bacrot: I don't know why I played so
fast 5.Be2.} (5. Nc3) (5. Bd3) 5... Nf6 6. b3 O-O 7. Bb2 b6 8. Nc3 Nbd7 9. Qc2 Bb7 10. O-O Qe7 11. e4 (11.
Rad1) 11... Nxe4 12. Nxe4 dxe4 13. Qxe4 Nf6 (13... f5 14. Qh4 Qxh4 15.
Nxh4 Be7 16. Nf3 c5 17. Ne5 Nxe5 18. dxe5 Rfd8 19. Rad1 Rxd1 20. Rxd1 Rd8 21.
Rxd8+ Bxd8 22. f4 Bh4 23. g3 Be7 24. Bd3 Kf7 25. Kf2 h5 26. h4 g6 27. Bc3 Ke8
28. a4 a5 29. Be2 Kd7 30. Bf3 {1/2-1/2 (30) Miroshnichenko,E (2624)-Petrosian,
T (2643) Dubai 2012}) (13... Rfe8) 14. Qh4 Ba3 15. Bc3 Bb4 (15... c5 16. Rad1 Rfd8 $11)
16. Bb2 Ba3 17. Bc3 Bb4 18. Bb2 1/2-1/2

[Event "EU-ch 12th"]
[Site "Aix les Bains"]
[Date "2011.03.30"]
[Round "8"]
[White "Markos, Jan"]
[Black "Matlakov, Maxim"]
[Result "0-1"]
[ECO "D45"]
[WhiteElo "2546"]
[BlackElo "2625"]
[Annotator "Marchand,A/Primel,D"]
[PlyCount "78"]
[EventDate "2011.03.22"]
[EventType "swiss"]
[EventRounds "11"]
[EventCountry "FRA"]
[SourceTitle "CBM 142 Extra"]
[Source "ChessBase"]
[SourceDate "2011.06.27"]
[SourceVersion "1"]
[SourceVersionDate "2011.06.27"]
[SourceQuality "1"]
[TimeControl "40/5400+30:1800+30"]

1. d4 d5 2. c4 c6 3. Nc3 Nf6 4. e3 e6 5. Nf3 Nbd7 6. Qc2 Bd6 7. e4 (7. Bd3) (7.
b3 O-O 8. Be2 Re8 (8... dxc4 9. bxc4 e5 10. O-O Re8 11. Rd1 Qe7 12. Rb1 e4 13.
Nd2 Nf8 14. c5 $14) 9. Bb2 dxc4 10. bxc4 e5) 7... dxe4 8. Nxe4 Nxe4 9. Qxe4 c5
10. Bg5 Be7 11. Bxe7 Qa5+ $1 12. Ke2 (12. Nd2 {Plus simple même si les GMI
préfèrent la ligne Ke2} Kxe7 13. O-O-O cxd4 14. Qxd4 Qe5 15. Qh4+ Nf6 16. f4 {
Kharlov,A (2600)-Lastin,A (2558) Novgorod op 1999 (3) 1/2} (16. Nf3 Qc7 17. Kb1
Bd7 18. Bd3 Rac8 19. Rhe1 Rhd8 20. Ne5 $1 (20. g4 ) 20... Kf8)) 12... Kxe7 13. g3 {[%csl Re2] Malgré l'avantage
d'espace, il n'est pas facile de terminer le développement des Blancs et les
Noirs n'ont pas de problèmes pour égaliser} Rd8 $1 14.
Bg2 (14. Qxh7 $6 Qb6 $15 ) 14... cxd4 15. Qxd4 Nf6 16. Qe3
(16. Qf4 $142 Bd7 17. Ne5 $1 Be8 18. Rhd1 $14 Qb6
19. b3 Rxd1 20. Rxd1 Rd8 21. Rxd8 Qxd8 ({RR} 21... Kxd8) 22. Bxb7 Qa5 23. Qe3 (
{RR} 23. a4 Qb6 24. Qf3 Bxa4 25. bxa4 Qb2+ 26. Kf1 Qxe5 27. Qa3+ Qd6 28. c5)
23... Qxa2+ 24. Kf1 Qa5 25. Bf3 Qb6 26. c5 Bb5+ 27. Kg2 Qc7 28. c6 a6 29. Qc5+
Ke8 30. b4 Nd5 {Kramnik,V (2772)-Gelfand,B (2733)/Dortmund 2007/[Krasenkow]/
1-0 (62)}) ({RR} 16. Qe5 Rd2+ 17. Ke1 Qxe5+ 18. Nxe5 Rxb2 19. Nd3 Rc2 20. c5
Rb8 21. Kd1 Rc4) 16... Ng4 17. Qe4 $6 $146 ({RR} 17. Qg5+ Qxg5 18. Nxg5 Bd7 19.
b3 {1/2-1/2 Hernandez,I (2294)-Gomez Anadon,D (2229)/Pamplona 2003} {RR} f6 ({
RR} 19... h6 20. Nh3 Rab8 21. f4 ({RR} 21. Nf4 Ne5) 21... Bc6 22. Bxc6 bxc6 23.
Ng1 e5 24. h3 Nf6) 20. Nh3 Rab8 21. Nf4 Ne5 22. Rhd1 b5 23. Nd3 Nxd3 24. Rxd3
bxc4 25. bxc4 Rb2+ 26. Ke3 Bc8 {RR} 27. Rxd8 Kxd8 28. h4 Kc7 29. Bf1 h6 30. f4
Bd7 31. Be2 Bc6 32. h5 Kd6 33. g4 Ke7 34. a3 Rb3+ 35. Kd4 Kd6 36. c5+ Kd7 37.
g5 hxg5 38. fxg5 fxg5 39. Rg1 e5+ 40. Kc4 Rb2 41. Rxg5 Bb5+ {Nikolaidis,I 
(2520)-Gurevich,M (2634)/Cannes 2005/0-1 (48)}) 17... f5 $1 18. Qc2 Qc5 $1 19. Kf1 Bd7 20. h3 Nf6 21. Qc3 (21. Ke2
$2 Ne4) 21... Bc6 (21... Kf8 $5 ) 22. Re1 Be4 $17 {[%csl
Ge4,Rf1,Rh1][%cal Gd8d3] Les Blancs jouent avec une pièce de moins} 23. Re3
Rac8 24. Nd2 Qd4 25. Nxe4 fxe4 26. Qb4+ Ke8 27. Kg1 Rxc4 28. Qxb7 Rd7 29. Qb8+
Kf7 30. g4 Rc2 $19 31. Qf4 g5 32. Qxg5 Qxb2 33. Qf4 Rdd2 34. Rb3 Qd4 35. Rb7+
Kg6 36. Rh2 Rd1+ 37. Bf1 Qd3 38. Rg2 Qxf1+ 39. Kh2 Qh1+ 0-1

[Event "EU-ch 12th"]
[Site "Aix les Bains"]
[Date "2011.04.01"]
[Round "10"]
[White "Lenic, Luka"]
[Black "Rublevsky, Sergei"]
[Result "1/2-1/2"]
[ECO "D45"]
[WhiteElo "2623"]
[BlackElo "2678"]
[Annotator "Marchand,A/Primel,D"]
[PlyCount "58"]
[EventDate "2011.03.22"]
[EventType "swiss"]
[EventRounds "11"]
[EventCountry "FRA"]
[SourceTitle "CBM 142 Extra"]
[Source "ChessBase"]
[SourceDate "2011.06.27"]
[SourceVersion "1"]
[SourceVersionDate "2011.06.27"]
[SourceQuality "1"]
[TimeControl "40/5400+30:1800+30"]

1. d4 d5 2. c4 c6 3. Nc3 Nf6 4. e3 e6 5. Nf3 a6 6. Qc2 c5 7. cxd5 exd5 8. Be2
Be6 9. O-O Nc6 10. Rd1 cxd4 11. Nxd4 Nxd4 (11... Rc8 12. Nxe6 fxe6 13. e4 $14)
12. Rxd4 Bc5 13. Rd1 Qe7 14. Bf3 Rd8 (14... O-O $5 15. Nxd5 Bxd5 16. Bxd5 Nxd5
17. Rxd5 Rac8 {[%cal Gc8c2];Gelfand,B (2727)-Anand,V (2791) World Championship
2012 (6) 1/2}) 15. b3 O-O 16. Bb2 Rc8 (16... Rfe8) 17. Nxd5 Bxd5 18. Bxd5 Bxe3
19. Qe2 Nxd5 20. Rxd5 Bg5 (20... Bc5 21. Re5 Qd6 22. Rd1 Qb6) 21. Re5 $1 Qf6
22. Re1 h6 $5 $146 {Tentant d'améliorer une partie du bulletin de la veille} ({
RR} 22... Bf4 23. Re4 Qh6 24. g3 Bc1 25. Bd4 Qd6 26. b4 Ba3 27. Qg4 g6 28. Qh4
h5 29. Qg5 Bxb4 30. Be5 Bd2 31. Bxd6 Bxg5 32. Bxf8 Kxf8 33. Rd1 Rc7 34. Rdd4
Bf6 35. Rc4 Rd7 36. Rc8+ Kg7 37. Kg2 {Ragger,M (2614)-Kobalia,M (2672)/
Aix-les-Bains 2011/1-0 (73)}) 23. h4 $1 Qg6 24. hxg5 Rc2 $1 25.
Qe3 (25. Qf3 Rxb2 26. Qxb7 Rxa2 27. gxh6 Qxh6 28. Qe7 {[%cal
Ge7f8] Provoque un léger affaiblissement mais c'est insuffisant pour prendre
un réel avantage.} f5 (28... a5 29. Qxf8+)) 25... Rxb2 26. gxh6
Qxh6 27. Qxh6 gxh6 28. R5e2 Rxe2 29. Rxe2 Rc8 1/2-1/2

[Event "Rohde op 09th"]
[Site "Sautron"]
[Date "2009.10.25"]
[Round "2"]
[White "Spassov, Liuben"]
[Black "Potkin, Vladimir"]
[Result "0-1"]
[ECO "D45"]
[WhiteElo "2434"]
[BlackElo "2615"]
[Annotator "Primel,D"]
[PlyCount "48"]
[EventDate "2009.10.24"]
[EventType "swiss"]
[EventRounds "9"]
[EventCountry "FRA"]
[SourceTitle "EXT 2010"]
[Source "ChessBase"]
[SourceDate "2010.11.25"]
[SourceVersion "1"]
[SourceVersionDate "2010.11.25"]
[SourceQuality "1"]
[TimeControl "40/6000+30:1800+30"]

1. d4 d5 2. c4 e6 3. Nc3 c6 4. e3 Nf6 5. Nf3 Nbd7 6. Qc2 Bd6 7. b3 {Une
variante solide qui permet aux blancs а la fois de surcontroler la case "e5"
par Bb2 tout en évitant de perdre un tempo sur dc4 lorsque ils vont jouer Be2
ou Bd3} (7. Be2) (7. Bd3) 7... O-O 8. Be2 (8. Bb2 $143 e5 $132) 8... b6 9. O-O
Bb7 10. Bb2 Qe7 {La ligne principale} (10... Rc8 ) 11. Rad1 Rfe8
(11... Rad8 12. Rfe1 Rfe8 13. Bd3 {RR} c5 14. cxd5 exd5 15. Bf5 h6 16. g3 Bc6
17. Bh3 Nf8 18. Nh4 g6 19. Nf3 Ne6 20. Bg2 Bb8 21. Ba1 Bb7 22. Ne2 Ne4 23. Nf4
Kh7 24. h4 cxd4 25. Nxd4 Nxd4 26. Bxd4 Rc8 27. Qb2 h5 28. Rc1 {Spassov,L (2396)
-Rodriguez Guerrero,E (2467)/Albacete 2005/CBM 108 ext/0-1 (44)}) 12. Rfe1 (12.
e4) 12... Bb4 $5 {la dernière mode en 2009} (12... Rad8) 13. Nd2 $5 $146 {
[%cal Ge3e4,Gd2e4,Gc3e4] Une idée intéressante qui amoindrit le clouage du Bb4
sur la Re1 tout en préparant la poussée "e4" mais c'est au détriment d'un
tempo important} ({RR} 13. Bf1 h6 14. Rc1 a6 15. Red1 Rac8 16. Qb1 Bd6 17. g3
c5 18. cxd5 exd5 19. dxc5 Bxc5 20. Nd4 Ng4 21. Nf5 Qe6 22. Bg2 Ndf6 23. Rf1 Bf8
24. h3 Ne5 25. Nd4 Qd7 26. Nce2 Ne4 27. Rxc8 Rxc8 {Matlakov,M (2574)-Motylev,A
(2710)/Ulan Ude 2009/CBM 132/}) (13. Bd3 Rac8 14. a3 Bxc3 15. Bxc3 c5 16. Ne5
$14 {Papin,V (2457)-Grachev,B (2655) Moscow op-A 2009 (3) 1-0}) 13... Rac8 $11 (13... e5 14. cxd5 cxd5 15. dxe5 Nxe5 ) 14. a3
(14. f4 $5 c5 15. a3 Bxc3 16. Bxc3 $14 ) 14... Bd6
(14... Bxa3 $2 15. Bxa3 Qxa3 16. Ra1 ) 15. Nf3 (15. b4 c5 $1 16.
bxc5 bxc5 17. Bf3 Nb6 $132 ) (15. e4 {
Semble plus logique mais la réponse "e5" donne un bon jeu aux noirs.} e5 $1 (
15... dxe4 $6 16. Ndxe4 Nxe4 17. Nxe4 $14 ) 16. dxe5 Nxe5 17.
exd5 cxd5 18. Nb5 Bb8 19. Bd3 $13) 15... c5 16. dxc5 $6 Nxc5 17.
b4 $6 {[%csl Rc4] Trop lent et l'affaiblissement du Pc4 va permettre la
combinaison de la partie} Nce4 $36 18. Nd2 Nxd2 19. Qxd2 (19.
Rxd2) 19... Be5 20. Na4 $4 Ne4 21. Qc2 Bxh2+ $1 22. Kxh2 Qh4+ 23. Kg1 Qxf2+ 24.
Kh2 Rxc4 0-1

[Event "Rohde op 09th"]
[Site "Sautron"]
[Date "2009.10.27"]
[Round "5"]
[White "Milanovic, Danilo"]
[Black "Pruess, David"]
[Result "1-0"]
[ECO "D45"]
[WhiteElo "2533"]
[BlackElo "2389"]
[Annotator "RR"]
[PlyCount "47"]
[EventDate "2009.10.24"]
[EventType "swiss"]
[EventRounds "9"]
[EventCountry "FRA"]
[SourceTitle "EXT 2010"]
[Source "ChessBase"]
[SourceDate "2010.11.25"]
[SourceVersion "1"]
[SourceVersionDate "2010.11.25"]
[SourceQuality "1"]
[TimeControl "6000"]
[WhiteClock "0:00:36"]
[BlackClock "0:00:38"]

1. c4 {01h40} e6 {01h33} 2. Nc3 d5 3. d4 c6 4. e3 Nf6 5. Nf3 Nbd7 {01h34} 6.
Qc2 Bd6 7. g4 $1 h6 (7... dxc4 {la grande ligne de la variante KRASENKOW}) 8.
h3 b5 ({RR} 8... e5 9. Bd2 O-O 10. dxe5 Nxe5 11. Nxe5 Bxe5 12. O-O-O Qe7 13.
Kb1 dxc4 14. Bxc4 Bxc3 15. Bxc3 Be6 16. Bxe6 Qxe6 17. Bxf6 Qxf6 18. Rd7 Qf3 19.
Rhd1 Qxh3 20. Qf5 b6 21. a3 a5 22. Rc7 b5 23. Rxc6 {Jakovenko,D (2742)-Leko,P 
(2762)/Nanjing 2009/Mega2009 Update 40/1/2-1/2 (40)}) ({RR} 8... a6 9. Bd2 b5
10. c5 Bc7 11. g5 hxg5 12. Nxg5 e5 13. O-O-O e4 14. Rg1 Qe7 15. f3 exf3 16. Bd3
b4 17. Na4 Kf8 18. Rdf1 Bh2 19. Rh1 Bg3 20. e4 f2 21. e5 Nh5 22. h4 f6 23. e6 {
Milanovic,D (2529)-Shumiakina,T (2351)/Paleochora 2008/CBM 125 Extra/1-0 (42)})
9. c5 $146 ({RR} 9. cxb5 c5 10. Bd2 Bb7 11. Bg2 Rc8 12. O-O g5 13. Ne5 Nxe5 14.
dxe5 Bxe5 15. f4 gxf4 {1/2-1/2 Bosiocic,M (2549)-Grachev,B (2653)/Rijeka 2008/
Mega2009 Update 01}) 9... Bc7 10. Bd2 {01h13} e5 $1 {01h29} 11. O-O-O {un plan
agressif} O-O 12. g5 hxg5 13. Nxg5 Re8 14. Rg1 Nf8 15. dxe5 {
01h01} Rxe5 {01h09} 16. f4 $1 $14 Re8 17. Ne2 a5 (
17... Ne6 $142) 18. Nd4 $36 Bd7 19. Bd3 b4 $6 (19... a4 ) 20. Rg2
{48} (20. h4 ) 20... a4 {38} 21. Rdg1 g6 $2 (21... Qe7 22. Nh7) 22. Nxf7 $1 Kxf7 23. Bxg6+ Ke7 24. Bf5
1-0

[Event "Sautron op 14th"]
[Site "Sautron"]
[Date "2014.10.26"]
[Round "2"]
[White "Zubarev, Alexander2"]
[Black "Loiseau, Quentin"]
[Result "0-1"]
[ECO "D45"]
[WhiteElo "2588"]
[BlackElo "2354"]
[Annotator "RR"]
[PlyCount "120"]
[EventDate "2014.10.26"]
[EventType "swiss"]
[EventRounds "9"]
[EventCountry "FRA"]
[SourceTitle "EXT 2015"]
[Source "ChessBase"]
[SourceDate "2014.11.20"]
[SourceVersion "1"]
[SourceVersionDate "2014.11.20"]
[SourceQuality "1"]
[TimeControl "40/5400+30:1800+30"]

1. c4 c6 2. Nf3 d5 3. e3 Nf6 4. Nc3 e6 5. d4 (5. Qc2 $5 Nbd7 6. b3 Bd6) 5... Nbd7 6. Qc2 Bd6 7. Be2 O-O 8. b3 b6 9. O-O Bb7 10. Bb2 (10. Rd1) 10...
Rc8 11. Rad1 (11. Rac1 Qe7 12. Rfd1 (12. Qb1)
) 11... c5 12. cxd5 exd5 13.
dxc5 bxc5 {[%emt 0:01:38] La présence de P pendants doit une
position technique mais les Noirs espèrent en profiter pour jouer de manière
dynamique} 14. Qf5 (14. Nh4 {[%cal Gh4f5];Kramnik,V (2780)
-Kasparov,G (2815) Kosmos m 5' Moscow blitz 1998 (10) 1/2}) 14... Qe7 15. Ng5 $146 (15. Rfe1 Qe6 16. Qb1 h6 17. Bd3 Ne5 18.
Bf5 Nxf3+ 19. gxf3 Qe5 20. f4 Qe8 21. Bh3 Rd8 22. Bg2 Qe6 23. Ne2 Bc7 24. Ng3
Ba5 25. Re2 Ba6 26. Rc2 Bb6 27. Rcd2 d4 28. exd4 cxd4 29. Bxd4 Bxd4 30. Rxd4
Rde8 {1-0 (30) Kramnik,V (2780)-Kasparov,G (2815) Moscow 1998}) 15... Qe5 16. Qxe5 Bxe5 17. Nf3 Bb8 18. Rd2 {[%emt 0:02:35] 11.Rac1, suivi de
Rfd1 aurait économisé un coup} Nb6 {[%emt 0:03:19][%cal Gc5c4] Les Noirs
préparent la rupture c4 mais elle a le défaut d'affaiblir la case "d4"} 19.
Rc1 Rfd8 20. g3 Nfd7 {
[%emt 0:17:44] (=)} 21. Ne1 {[%emt 0:05:43] Les Blancs n'ont aucune raison
d'accepter la proposition} c4 $5 22. b4 Be5 23. Nf3 (23. Ba1) 23... Bxc3 24. Bxc3 Na4 25. Ba1 (25. Bd4) 25... Ndb6 26. Rdc2 a6 27. Nd4 $14 {[%emt 0:00:24][%csl Ga1,Rb7,Gd4] La poussée
c5c4 n'a rien donné tactiquement mais l'affabilissement des cases Noires
commence à se faire sentir} Rc7 28. Bf3 {[%emt 0:01:45] La
paire de B commence à s'activer} Bc8 29. h4 $1 f5 30. Ne2 Kf7 31. Bd4 Be6 32. Nf4 $16 {[%emt 0:00:19][%csl Gd4,Re6,
Gf4] Les Blancs ont une bonne finale avec la paire de B et face au mauvais B
adverse} g6 33. Ne2 Rdc8 34.
Nc3 Rb7 35. Rb1 Ke7 36. Bxb6 $6 {[%emt 0:00:42] Une décision curieuse car le Bd4
dominait les cases noires} (36. Kf1 $142 {Le GMI va laisser la centralisation
du K adverse tout en oubliant d'amener son propre K au centre} Kd6 37. Bd1 (37.
Ke2 Rcb8 38. a3 Nxc3+ 39. Bxc3 Na4 40. Ba1 a5 41. Rd1) 37... Nxc3 38. Bxc3 Na4
39. Bd4 Rcb8 40. a3 a5) (36. Kg2 Kd6) 36... Nxc3 37. Rxc3 Rxb6 38. a3 a5 $1 39. b5 Kd6 (39... a4 40.
Bd1 Rcb8 41. Bxa4 Bd7) 40. a4 Kc5 41. Rcc1 Rd8 42. Rb3 d4 43. exd4+ Rxd4 44. Re3 Bd5 45. Bxd5 Rxd5 46. Re7 Kb4 47. Rxh7 Rc5 48. Rh6 Kb3 $1 49. h5 Kb2 50. Rf1 c3 51. Rxg6 (51. hxg6 c2 52.
g7 c1=Q {Une position qui fait regretter aux Blancs de ne pas avoir joué plus
tôt Kg2...}) 51... Rxg6 52. hxg6 Rc7 $19 53. f4 Rg7 54. g4 Rxg6 55. g5 c2 56.
Kf2 c1=Q 57. Rxc1 Kxc1 58. Ke3 Rd6 59. b6 Rxb6 60. Kd4 Re6 0-1